 Dungeon Crawl Stone Soup version 0.23.2-40-g277498a001 (webtiles) character file.

Game seed: 1409933571270170206

194 Emblim88 the Skirmisher (level 5, -1/48 HPs)
             Began as a Minotaur Fighter on Oct 3, 2019.
             Slain by a gnoll
             ... wielding a +0 spear
              (4 damage)
             ... on level 3 of the Dungeon.
             The game lasted 00:04:44 (1955 turns).

Emblim88 the Skirmisher (Minotaur Fighter)          Turns: 1955, Time: 00:04:44

Health: -1/48      AC:  7    Str: 21    XL:     5   Next: 44%
Magic:  13/13      EV:  7    Int:  5    God:
Gold:   136        SH:  9    Dex: 10    Spells: 4/4 levels left

rFire    . . .     SeeInvis .   i - +0 dagger (vamp)
rCold    . . .     Gourm    .   c - +0 shield
rNeg     . . .     Faith    .   b - +0 scale mail
rPois    .         Spirit   .   (helmet restricted)
rElec    .         Reflect  .   (no cloak)
rCorr    .         Harm     .   (no gloves)
MR       .....                  (no boots)
Stlth    ..........             (no amulet)
HPRegen  0.16/turn              m - ring of magical power
MPRegen  0.13/turn              (no ring)

@: hasted, very quick
A: retaliatory headbutt, horns 2
a: no special abilities


You were on level 3 of the Dungeon.
You were not hungry.

You visited 1 branch of the dungeon, and saw 3 of its levels.

You collected 136 gold pieces.

Inventory:

Hand Weapons
 a - a +0 long sword
 i - a +0 vampiric dagger (weapon)
 o - a +0 hand crossbow
Missiles
 p - 26 bolts
Armour
 b - a +0 scale mail (worn)
 c - a +0 shield (worn)
Jewellery
 m - a ring of magical power (left hand)
Scrolls
 e - 2 scrolls of teleportation {unknown}
 h - 2 scrolls of remove curse {unknown}
 l - 3 scrolls of identify {unknown}
Potions
 d - a potion of might
 g - 2 potions of curing {unknown}
 k - a potion of lignification {unknown}
 n - a potion of cancellation {unknown}
 r - 2 potions of flight {unknown}
Comestibles
 j - 3 rations
 q - 4 chunks of flesh


   Skills:
 * Level 5.2 Fighting
 * Level 4.4 Long Blades
 + Level 4.4 Armour
 + Level 4.5 Shields


You had 4 spell levels left.
You didn't know any spells.
Your spell library was empty.

Dungeon Overview and Level Annotations

Branches:
Dungeon (3/15)

Altars:
Elyvilon
Gozag
Vehumet

Annotations:
D:3 1 runed translucent door, Crazy Yiuf


Innate Abilities, Weirdness & Mutations

You reflexively headbutt those who attack you in melee.
You have a pair of horns on your head.


Message History

You are too injured to fight recklessly!
You are too injured to fight recklessly!
You are too injured to fight recklessly!
You are too injured to fight recklessly!
You are too injured to fight recklessly!
You are too injured to fight recklessly!
You are too injured to fight recklessly!
You are too injured to fight recklessly!
You are too injured to fight recklessly!
You are too injured to fight recklessly!
You are too injured to fight recklessly!
You are too injured to fight recklessly!
You are too injured to fight recklessly!
The gnoll hits you from afar with a +0 spear.
The gnoll hits you from afar with a +0 spear!
* * * LOW HITPOINT WARNING * * *
It was a potion of haste.
You feel yourself speed up. The gnoll hits you!
* * * LOW HITPOINT WARNING * * *
The gnoll hits you from afar with a +0 spear.
You die...

##...## #.##.. ..# #.#
#..#####.##.# #.# #.######
#........##.###.## #####.......
##.#####.##.#_...###......##...
#.# #.'(.#...._##.......#.#.
#.# ####.#_...##..........#.
#.# #(# #g# ##.....#####. ..#
#.###g# #.....#####. ###
#.(#@.# #####....... ##...##
#.###### ########## ##.## #.#
#........# #_##########.#
#.######.# ###........#.# #.#
#.# #.#######.#.# ..#### ###
### #.#.###### .....#
####......... ..####
#......######


You could see 2 gnolls.

Vanquished Creatures
  A bullfrog (D:3)
  A gnoll (D:3)
  5 adders
  A worm (D:3)
  A dart slug (D:2)
  2 leopard geckos (D:1)
  A ball python (D:1)
  9 bats
  3 giant cockroaches
  8 goblins
  6 hobgoblins
  6 jackals
  9 kobolds
  A quokka (D:2)
  6 frilled lizards
  12 rats
72 creatures vanquished.

Notes
Turn   | Place    | Note
-------+----------+-------------------------------------------
     0 | D:1      | Emblim88 the Minotaur Fighter began the quest for the Orb.
     0 | D:1      | Reached XP level 1. HP: 19/19 MP: 0/0
   178 | D:1      | Reached XP level 2. HP: 25/27 MP: 1/1
   356 | D:1      | Reached skill level 4 in Fighting
   694 | D:1      | Reached XP level 3. HP: 29/33 MP: 2/2
   982 | D:2      | Reached XP level 4. HP: 28/41 MP: 3/3
  1406 | D:3      | Found a runed translucent door.
  1407 | D:3      | Noticed Crazy Yiuf
  1844 | D:3      | Noticed a bullfrog
  1852 | D:3      | Killed a bullfrog
  1852 | D:3      | Reached skill level 5 in Fighting
  1852 | D:3      | Reached XP level 5. HP: 40/48 MP: 4/4
  1927 | D:3      | Found a faded altar of an unknown god.
  1927 | D:3      | Found an opulent altar of Gozag.
  1937 | D:3      | Found a white marble altar of Elyvilon.
  1939 | D:3      | Found a faded altar of an unknown god.
  1951 | D:3      | Found a radiant altar of Vehumet.
  1955 | D:3      | Slain by a gnoll

Skill      XL: |  1  2  3  4 |
---------------+-------------+-----
Fighting       | 4 5 |  5.2
Long Blades    | 3 4 |  4.4
Armour         | 4 |  4.4
Shields        | 4 |  4.5

Action                   |  1- 3 |  4- 6 || total
-------------------------+-------+-------++-------
Melee: Long sword        |    49 |       ||    49
       Headbutt          |    11 |    20 ||    31
       Dagger            |    48 |   108 ||   156
  Use: Potion            |       |     1 ||     1
  Eat: Ration            |     1 |       ||     1
       Chunk             |     1 |     4 ||     5
Armor: Scale mail        |    44 |    64 ||   108
Dodge: Dodged            |    34 |    36 ||    70
Block: Shield            |    52 |    73 ||   125
       Rpst.: Long sword |     6 |       ||     6
